Map: Magannatha LE

Players

ManlyManMeat - Winner!

  • Race: Terran Terran
  • League: Master
  • Spawn Location: 5:00

ced

  • Race: Terran Terran
  • League: Silver
  • Spawn Location: 11:00

VOD

Have the link to the VOD?

Description

Time

  • Played on: May 18, 2025, 1:31 p.m.
  • Length: 11:55
Show
View Real Time Build Order
Export as new Build Order

ManlyManMeat Terran - Winner!

Build Orders: Reaper Expand 

Get SALT Encoding   

  12  0:00  SCV  
  13  0:12  SCV  
  14  0:17  Supply Depot  
  14  0:25  SCV  
  15  0:39  SCV  
  15  0:40  Barracks  
  16  0:45  Refinery  
  16  0:51  SCV  
  17  1:03  SCV  
  18  1:15  SCV  
  19  1:27  Orbital Command  
  19  1:30  Reaper  
  20  1:43  Command Center  
  20  1:56  SCV  
  21  2:02  Marine  
  21  2:03  Supply Depot  
  22  2:08  SCV  
  22  2:15  Factory  
  23  2:25  SCV, Marine  
  25  2:37  SCV  
  25  2:40  Supply Depot  
  25  2:44  Barracks Reactor  
  26  2:51  SCV  
  26  2:56  Orbital Command  
  26  2:57  Refinery  
  27  3:00  Factory Tech Lab  
  27  3:15  Starport  
  27  3:18  SCV  
  28  3:22  Marine x2  
  30  3:29  SCV  
  30  3:30  SCV  
  33  3:41  SCV  
  33  3:43  SCV  
  33  3:44  Bunker  
  33  3:46  Marine x2  
  33  3:47  Siege Tank  
  39  3:53  SCV  
  39  3:55  Barracks  
  40  3:58  SCV  
  40  4:01  Barracks  
  41  4:05  SCV  
  41  4:07  Marine x2  
  44  4:11  Viking  
  46  4:25  Supply Depot  
  46  4:28  SCV x2  
  48  4:31  Refinery  
  48  4:35  Siege Tank  
  51  4:40  SCV x2  
  51  4:43  Barracks Tech Lab  
  53  4:49  Supply Depot  
  53  4:54  Supply Depot, Barracks Tech Lab  
  53  4:56  Marine x2  
  55  5:00  Starport Tech Lab  
  55  5:09  Barracks  
  55  5:11  Barracks  
  55  5:16  Marine x2  
  55  5:18  Stimpack, Combat Shield  
  57  5:23  Engineering Bay  
  57  5:24  Engineering Bay  
  57  5:28  Command Center  
  57  5:29  Marine x2  
  57  5:33  Hellion  
  57  5:35  Raven  
  63  5:37  Interference Matrix  
  63  5:47  Marine x2  
  65  5:53  Refinery  
  65  5:56  SCV x2  
  67  6:03  Supply Depot  
  67  6:05  Supply Depot  
  67  6:08  SCV, Siege Tank  
  71  6:18  Raven  
  73  6:22  Barracks Reactor  
  73  6:27  Barracks Reactor  
  73  6:30  Marine x4  
  77  6:38  SCV  
  77  6:39  SCV  
  79  6:45  Terran Infantry Weapons Level 1, Terran Infantry Armor Level 1  
  79  6:47  Marine  
  79  6:48  Marine  
  79  6:50  SCV  
  79  6:51  SCV  
  83  6:57  Supply Depot, Marine x2  
  83  7:00  Supply Depot  
  85  7:05  Marine  
  85  7:07  Orbital Command  
  86  7:11  Armory  
  86  7:20  Supply Depot  
  86  7:22  Supply Depot  
  86  7:27  Marine x6  
  86  7:28  Marine x2  
  94  7:30  Siege Tank  
  97  7:43  Starport Reactor  
  97  7:45  Marine x2  
  99  8:01  Marine x2  
  99  8:03  Siege Tank  
  104  8:06  Marine x4  
  104  8:07  Marine x2  
  104  8:09  Supply Depot  
  104  8:10  Supply Depot  
  110  8:19  Marine  
  111  8:20  Missile Turret  
  111  8:21  Missile Turret  
  111  8:27  Marine x2  
  111  8:28  Marine x4  
  117  8:38  Medivac x2  
  120  8:56  Siege Tank  
  123  9:17  Marine x4  
  120  9:22  Medivac x2  
  120  9:23  Marine x2  
  120  9:24  Marine x2  
  131  9:26  Terran Infantry Armor Level 2, Terran Infantry Weapons Level 2, Terran Vehicle Weapons Level 1  
  131  9:28  Siege Tank  
  135  9:34  Marine x2  
  135  9:35  Orbital Command, Marine  
  142  9:56  Viking  
  142  9:57  Viking  
  142  10:02  Starport  
  142  10:04  Starport  
  127  10:46  Viking x2  
  123  11:16  Viking x2  
Show
View Real Time Build Order
Export as new Build Order

ced Terran 

Build Orders:  

Get SALT Encoding   

  12  0:01  SCV  
  13  0:13  SCV  
  14  0:18  Supply Depot  
  14  0:25  SCV  
  15  0:40  SCV  
  15  0:42  Barracks  
  16  0:52  SCV  
  17  1:04  SCV  
  18  1:21  Command Center  
  18  1:29  Marine  
  18  1:30  Orbital Command  
  19  1:35  Refinery  
  19  1:41  Refinery  
  19  1:47  Marine  
  19  1:54  Supply Depot  
  20  2:05  Marine  
  20  2:07  Engineering Bay  
  21  2:23  Marine  
  22  2:33  Orbital Command  
  22  2:35  Refinery  
  22  2:49  Supply Depot  
  22  2:56  Barracks Tech Lab  
  22  2:59  SCV  
  22  3:00  Refinery  
  23  3:11  SCV, Factory  
  24  3:23  SCV, Marauder  
  24  3:24  Missile Turret, Concussive Shells  
  27  3:31  Hi-Sec Auto Tracking  
  27  3:35  SCV  
  28  3:45  Marauder  
  28  3:48  SCV  
  31  3:50  Missile Turret  
  31  3:56  Factory Tech Lab  
  31  4:06  Marauder  
  33  4:11  Missile Turret  
  33  4:16  Siege Tank  
  36  4:37  Command Center  
  36  4:43  Marauder  
  38  4:53  Siege Tank  
  41  5:02  Missile Turret  
  41  5:11  Starport  
  41  5:24  Missile Turret  
  41  5:27  Siege Tank  
  44  5:45  Missile Turret  
  44  5:48  Liberator  
  47  5:53  Fusion Core  
  47  6:00  Orbital Command  
  47  6:11  Missile Turret  
  47  6:17  Neosteel Armor  
  47  6:32  Missile Turret  
  47  6:35  Liberator  
  50  6:40  Advanced Ballistics  
  50  6:50  Armory  
  50  6:55  Missile Turret  
  50  7:17  Missile Turret  
  50  7:18  Liberator  
  53  7:37  Missile Turret  
  53  7:42  Terran Ship Weapons Level 1  
  53  7:46  Command Center  
  53  7:57  Missile Turret  
  53  8:07  Battlecruiser  
  59  8:17  Missile Turret  
  59  8:36  Missile Turret  
  59  8:56  Missile Turret  
  59  8:58  Orbital Command  
  53  9:21  Missile Turret  
  53  9:22  Battlecruiser  
  59  9:36  Terran Vehicle And Ship Armor Level 1  
  59  9:39  Weapon Refit  
  59  9:41  Missile Turret, Command Center  
  17  11:14  Orbital Command  
Tags
 
Matchup
TvT
Race
Terran
Spawn Locations
Cross Positions
Add a new tag
Caveats
  • Supply blocks, unpowered buildings, or Contaminate may cause inaccurate times.
  • Supply counts are checked every 10 seconds.